 Dungeon Crawl Stone Soup version 0.26.1-11-gd32895ea62 (webtiles) character file.

Game seed: 4149448778472919874

3241 H0rd4k the Martial Artist (level 9, -8/56 HPs)
             Began as an Octopode Transmuter on June 1, 2021.
             Was an Initiate of Gozag.
             Collided with a rock wall (22 damage)
             ... caused by Erica
             ... on level 8 of the Dungeon on June 2, 2021.
             The game lasted 00:14:31 (10222 turns).

H0rd4k the Martial Artist (Octopode Transmuter)    Turns: 10222, Time: 00:14:31

Health: -8/56      AC:  2    Str: 11    XL:     9   Next: 99%
Magic:  13/17      EV: 24    Int: 23    God:    Gozag
Gold:   837        SH:  0    Dex: 17    Spells: 9/18 levels left

rFire    . . .     SeeInvis .     - Unarmed
rCold    . . .     Faith    .   (shield currently unavailable)
rNeg     . . .     Spirit   .   (helmet currently unavailable)
rPois    x         Reflect  .   (no amulet)
rElec    .         Harm     .   s - +6 ring of intelligence
rCorr    .         Rampage  .   o - ring of wizardry
Will     .....                  (no ring)
Stlth    ++........             (no ring)
HPRegen  0.18/turn              (no ring)
MPRegen  0.15/turn              (no ring)
                                (no ring)
                                (no ring)

@: lethally poisoned (-8 -> -15), spider-form
A: tiny, almost no armour, stealthy swim, (amphibious), 8 rings, (constrict 8)
a: End Transformation, Renounce Religion, Potion Petition, Call Merchant, Bribe
Branch


You were on level 8 of the Dungeon.
You worshipped Gozag.
Gozag was pleased with you.
You were a venomous arachnid creature.
You visited 2 branches of the dungeon, and saw 9 of its levels.

You collected 885 gold pieces.
You paid 48 gold pieces to Gozag.

Inventory:

Missiles
 d - 7 boomerangs of dispersal
 t - 29 poisoned darts (quivered)
Magical Staves
 j - an uncursed staff of fire {unknown}
Jewellery
 o - a ring of wizardry (right front leg)
 s - a +6 ring of intelligence (left front leg)
Wands
 y - a wand of acid (4)
Scrolls
 f - a scroll of magic mapping
 g - a scroll of random uselessness
 i - a scroll of blinking
 p - a scroll of teleportation
 u - 2 scrolls of fear {unknown}
 v - 2 scrolls of noise {unknown}
 x - a scroll of fog {unknown}
 A - a scroll of enchant weapon {unknown}
Potions
 a - a potion of heal wounds
 b - 5 potions of curing
 c - a potion of resistance {unknown}
 e - a potion of magic {unknown}
 h - 2 potions of haste
 k - 3 potions of brilliance
 l - 2 potions of invisibility
 m - 2 potions of might
 n - a potion of mutation {unknown}
 q - a potion of flight {unknown}
 r - a potion of cancellation {unknown}
 w - a potion of degeneration {unknown}
 z - a potion of lignification {unknown}


   Skills:
 * Level 3.0 Fighting
 + Level 0.4 Throwing
 + Level 5.7 Dodging
 + Level 0.5 Stealth
 + Level 8.9 Unarmed Combat
 * Level 5.4 Spellcasting
 + Level 6.2 Transmutations
 + Level 3.4 Poison Magic
 + Level 1.1 Evocations


You had 9 spell levels left.
You knew the following spells:

 Your Spells              Type           Power        Failure   Level
a - Beastly Appendage     Tmut           68%          1%          1
b - Spider Form           Tmut/Pois      14%          4%          3
c - Blade Hands           Tmut           17%          16%         5

Your spell library contained the following spells:

 Spells                   Type           Power        Failure   Level
 Wereblood                Tmut           34%          2%          2
 Ice Form                 Ice/Tmut       20%          21%         4


Dungeon Overview and Level Annotations

Branches:
Dungeon (8/15)             Temple (1/1) D:7
   Lair: D:8-11

Altars:
Ashenzari
Cheibriados
Elyvilon
Gozag
Kikubaaqudgha
Nemelex Xobeh
Qazlal
Ru
Trog
Uskayaw
Yredelemnul

Annotations:
D:1 exclusion: phantom
D:4 exclusion: downstairs
D:5 exclusion: downstairs
D:6 exclusion: 2 downstairs
D:8 Erica


Innate Abilities, Weirdness & Mutations

You cannot wear most types of armour.
You are very stealthy in the water. (Stealth+)
((You are amphibious.))
You can wear up to eight rings at the same time.
((You can use your tentacles to constrict eight enemies at once.))
((Your skin changes colour to match your surroundings (Stealth+).))
((Your rubbery body absorbs attacks. (AC +1, EV +1)))


Message History

Erica hits you with a +1 scimitar of flaming.
Erica burns you.
You release your grip on Erica.
You feel sick.
Found a scroll labelled VUGEIV VYTIM and a scroll labelled XOTRUT IPUSEE.
Casting: Spider Form (safe; 1% risk of failure)
Confirm with . or Enter, or press ? or * to list all spells.
You turn into a venomous arachnid creature.
You feel sick. Erica completely misses you.
You hit Erica.
Erica looks as sick as possible!
Erica is heavily wounded.
You closely miss Erica.
Erica is heavily wounded.
You feel sick. Erica casts a spell at you. The lance of force hits you!!
* * * LOW HITPOINT WARNING * * *
You are knocked back by the lance of force.
You slam into the rock wall!
You die...
Your body crumbles into a pile of gold.

.y y# ### ..
.... .###.#...
.... .... $
#####.##.....
#s.@yy.......
#.....###y##....
#.....#..<.# .
#.....##.#.#
#....?.#. ...
###....## #..#
#..?/ .!..$
#....# ..### ...


You could see Erica (extremely poisoned) and 3 killer bees.

Vanquished Creatures
  Harold (D:7)
  Joseph (D:7)
  Grinder (D:5)
  2 orc warriors
  A phantom (D:6)
  4 centaurs
  A bullfrog (D:6)
  8 scorpions
  A killer bee (D:8)
  5 wights (D:7)
  A howler monkey (D:5)
  2 orc priests
  A centaur skeleton (D:4)
  4 hounds
  2 iguanas
  3 orc wizards
  2 worker ants
  A hound zombie (D:7)
  12 adders
  A shadow imp (D:6)
  2 white imps
  3 ufetubi
  2 adder zombies
  2 worms (D:3)
  2 dart slugs
  3 leopard geckos
  26 orcs
  17 bats
  5 giant cockroaches
  6 goblins
  6 hobgoblins
  22 jackals
  A quokka (D:7)
  A ball python (D:2)
  5 frilled lizards
  2 kobolds
  5 rats
164 creatures vanquished.

Vanquished Creatures (others)
  A human (D:7)
  9 fungi (D:6)
10 creatures vanquished.

Grand Total: 174 creatures vanquished

Notes
Turn   | Place    | Note
-------+----------+-------------------------------------------
     0 | D:1      | H0rd4k the Octopode Transmuter began the quest for the Orb.
     0 | D:1      | Reached XP level 1. HP: 13/13 MP: 3/3
   254 | D:1      | Reached XP level 2. HP: 14/18 MP: 5/5
  1124 | D:2      | Reached XP level 3. HP: 21/23 MP: 6/6
  1128 | D:2      | Learned a level 3 spell: Spider Form
  1573 | D:2      | Noticed a phantom
  2087 | D:2      | Found a hide-covered altar of Uskayaw.
  2094 | D:2      | Found a stormy altar of Qazlal.
  2099 | D:2      | Found a sacrificial altar of Ru.
  2208 | D:3      | Reached skill level 4 in Unarmed Combat
  2214 | D:3      | Reached XP level 4. HP: 25/28 MP: 7/7
  2500 | D:3      | Reached skill level 1 in Poison Magic
  2646 | D:3      | Found a broken altar of Ashenzari.
  2646 | D:3      | Found a bloodstained altar of Trog.
  2749 | D:3      | Found a snail-covered altar of Cheibriados.
  2751 | D:3      | Found a basalt altar of Yredelemnul.
  2753 | D:3      | Found a faded altar of an unknown god.
  3522 | D:3      | Reached XP level 5. HP: 25/33 MP: 8/8
  4036 | D:4      | Found an opulent altar of Gozag.
  4059 | D:4      | Became a worshipper of Gozag Ym Sagoz the Greedy
  4408 | D:4      | Found a sparkling altar of Nemelex Xobeh.
  4447 | D:4      | Reached XP level 6. HP: 31/38 MP: 9/9
  5225 | D:5      | Entered Level 5 of the Dungeon
  5251 | D:5      | Reached skill level 5 in Unarmed Combat
  5484 | D:5      | Found a white marble altar of Elyvilon.
  5504 | D:5      | Noticed Grinder
  5951 | D:5      | Reached XP level 7. HP: 39/44 MP: 8/11
  5963 | D:5      | Paralysed by Grinder for 4 turns
  6139 | D:5      | Learned a level 5 spell: Blade Hands
  6385 | D:6      | Reached skill level 6 in Unarmed Combat
  6667 | D:6      | Reached XP level 8. HP: 42/50 MP: 10/13
  8110 | D:7      | Reached skill level 7 in Unarmed Combat
  8433 | D:5      | Killed Grinder
  8434 | D:5      | Reached skill level 5 in Dodging
  8434 | D:5      | Reached skill level 5 in Transmutations
  8434 | D:5      | Reached XP level 9. HP: 48/54 MP: 11/15
  9214 | D:7      | Found a staircase to the Ecumenical Temple.
  9399 | D:7      | Found an ancient bone altar of Kikubaaqudgha.
  9473 | D:7      | Reached skill level 1 in Evocations
  9577 | D:7      | Noticed Joseph
  9597 | D:7      | Killed Joseph
  9598 | D:7      | Reached skill level 8 in Unarmed Combat
  9598 | D:7      | Reached skill level 5 in Spellcasting
  9922 | D:7      | Noticed Harold
  9932 | D:7      | Killed Harold
  9944 | Temple   | Entered the Ecumenical Temple
 10206 | D:8      | Noticed Erica
 10222 | D:8      | Collided with a rock wall

Illustrated notes

Levels and vault maps discovered:
D:1:      evilmike_arrival_crescent, layout_loops_cross, serial_forest,
          infiniplex_forest_lined_2, infiniplex_forest_clump_small,
          infiniplex_forest_3_way, infiniplex_forest_zigzag_1,
          infiniplex_forest_lined_room_
D:2:      layout_loops_cross, minmay_overflow_temple_star_quad
D:3:      layout_loops_ring, chequers_temple_overflow_minitemple, minmay_unequal
D:4:      layout_basic, grunt_gozag_breadcrumbs, lemuel_round_altar,
          hangedman_feature_mirror
D:5:      layout_basic, elyvilon_altar_5, uniq_grinder
D:6:      old_forge, layout_basic
D:7:      layout_cave_pools, minmay_temple_entry_junction_2, tgw_kikubaaqudgha,
          uniq_harold, uniq_joseph
D:8:      layout_basic, nicolae_blasting_shop, uniq_erica
Temple:   minmay_temple_bridge_abc

Skill      XL: |  1  2  3  4  5  6  7  8  9 |
---------------+----------------------------+-----
Unarmed Combat | 4 5 6 7 8 |  8.9
Poison Magic   | 1 2 3 |  3.4
Dodging        | 3 4 5 |  5.7
Transmutations | 3 4 5 6 |  6.2
Spellcasting   | 3 4 5 |  5.4
Fighting       | 2 3 |  3.0
Evocations     | 1 |  1.1
Throwing       | |  0.4
Stealth        | |  0.5

Action                   |  1- 3 |  4- 6 |  7- 9 || total
-------------------------+-------+-------+-------++-------
Melee: Unarmed           |    88 |   157 |   257 ||   502
       Constrict         |    25 |    22 |    18 ||    65
       Tentacles         |     8 |    23 |    12 ||    43
       Punch             |     2 |     4 |     1 ||     7
Throw: Dart              |       |     5 |       ||     5
 Cast: Spider Form       |       |     6 |    24 ||    30
       Blade Hands       |       |       |     2 ||     2
Evoke: Wand              |       |       |     4 ||     4
  Use: Scroll            |     1 |       |     9 ||    10
       Potion            |       |       |     2 ||     2
 Stab: Sleeping          |    11 |     6 |     1 ||    18
       Distracted        |       |     2 |       ||     2
Armor: Skin              |     8 |    12 |     5 ||    25
Dodge: Dodged            |    55 |    91 |   234 ||   380
